 Dungeon Crawl Stone Soup version 0.28.0 (webtiles) character file.

Game seed: 11994954236274058071

1903 BeingJoeMalik the Impaler (level 9, 0/68 HPs)
             Began as a Merfolk Fighter on Feb 13, 2022.
             Was an Initiate of Hepliaklqana.
             Killed from afar by an electric eel (7 damage)
             ... with a bolt of electricity
             ... on level 6 of the Dungeon.
             The game lasted 00:18:41 (8098 turns).

BeingJoeMalik the Impaler (Merfolk Fighter)         Turns: 8098, Time: 00:18:42

Health: 0/68       AC:  8    Str: 16    XL:     9   Next: 15%
Magic:  9/9        EV:  8    Int: 15    God:    Hepliaklqana [......]
Gold:   37         SH:  5    Dex: 18    Spells: 8/8 levels left

rFire   . . .      SeeInvis +   o - +1 trident "Tiess" {vorpal, Dex+5 Stlth+}
rCold   . . .      Faith    .   c - +0 buckler
rNeg    + . .      Spirit   .   b - +0 scale mail
rPois   .          Reflect  .   j - +1 helmet {Int+3}
rElec   .          Harm     .   (no cloak)
rCorr   .          Rampage  .   (no gloves)
Will    .....                   (no boots)
Stlth   +.........              (no amulet)
HPRegen 0.21/turn               d - ring of positive energy
MPRegen 0.11/turn               i - ring of see invisible

@: no status effects
A: (nimble swimmer 2), mertail
a: Renounce Religion


You were on level 6 of the Dungeon.
You worshipped Hepliaklqana.
Hepliaklqana was noncommittal.
You visited 2 branches of the dungeon, and saw 7 of its levels.

You collected 258 gold pieces.
You spent 221 gold pieces at shops.

Inventory:

Hand Weapons
 a - a +0 trident
 g - a +2 vorpal spear
 o - the +1 trident "Tiess" (weapon) {vorpal, Dex+5 Stlth+}
   (You bought it in a shop on level 4 of the Dungeon)

   It inflicts extra damage upon your enemies.
   Dex:       It affects your dexterity (+5).
   Stlth:     It makes you more stealthy.
Missiles
 e - 11 poisoned darts (quivered)
Armour
 b - a +0 scale mail (worn)
 c - a +0 buckler (worn)
 j - a +1 helmet of intelligence (worn)
Jewellery
 d - a ring of positive energy (left hand)
 i - a ring of see invisible (right hand)
Wands
 h - a wand of mindburst (20)
Scrolls
 f - 2 scrolls of identify
 l - a scroll of teleportation
Potions
 k - 2 potions of haste
 m - a potion of berserk rage {unknown}
 n - a potion of heal wounds {unknown}


   Skills:
 - Level 5.0 Fighting
 + Level 15.1 Polearms
 - Level 2.1 Armour
 - Level 4.1 Shields


You had 8 spell levels left.
You didn't know any spells.
Your spell library contained the following spells:

 Spells                   Type           Power      Damage    Failure   Level
 Blink                    Tloc           0%         N/A       88%         2
 Ensorcelled Hibernation  Hex/Ice        0%         N/A       88%         2
 Lesser Beckoning         Tloc           0%         N/A       98%         3
 Spider Form              Tmut/Pois      0%         N/A       98%         3
 Anguish                  Hex/Necr       0%         N/A       100%        4
 Manifold Assault         Tloc           0%         N/A       100%        5
 Storm Form               Tmut/Air       0%         N/A       100%        7


Dungeon Overview and Level Annotations

Branches:
Dungeon (6/15)             Temple (1/1) D:5

Altars:
Dithmenos
Elyvilon
Fedhas
Gozag
Hepliaklqana
Kikubaaqudgha
Makhleb
Nemelex Xobeh
Okawaru
Qazlal
Ru
Wu Jian
Xom
Yredelemnul
Zin
The Shining One
Ignis

Shops:
D:2 (   D:4 (   D:6 (


Innate Abilities, Weirdness & Mutations

((You are very nimble when in or above water. (Stealth+, EV+, Speed+++)))
Your lower body shifts to a powerful aquatic tail in water.


Message History

The electric eel shoots out a bolt of lightning at you!
The bolt of electricity hits you!
Your legs become a tail as you enter the water.
The electric eel shoots out a bolt of lightning at you!
The bolt of electricity hits you.
The electric eel shoots out a bolt of lightning at you!
The bolt of electricity hits you.
You miss the electric eel.
The electric eel shoots out a bolt of lightning at you!
The bolt of electricity hits you!
The electric eel shoots out a bolt of lightning at you!
The bolt of electricity hits you!
* * * LOW HITPOINT WARNING * * *
The electric eel shoots out a bolt of lightning at you!
The bolt of electricity hits you!
* * * LOW HITPOINT WARNING * * *
Unknown command.
Okay, then.
Unknown command.
Aiming: Mindburst
Press: ? - help, Shift-Dir - straight line, f - electric eel
Aim: an electric eel (water, chance to affect: 72%)
The electric eel's mind is blasted!
Unknown command.
You feel better.
The electric eel shoots out a bolt of lightning at you!
The bolt of electricity hits the electric eel.
The electric eel completely resists.
The bolt of electricity hits you.
* * * LOW HITPOINT WARNING * * *
The electric eel shoots out a bolt of lightning at you!
The bolt of electricity hits you!
* * * LOW HITPOINT WARNING * * *
Unknown command.
Unknown command.
You puncture the electric eel!
You kill the electric eel!
You hear a splash.
The electric eel shoots out a bolt of lightning at you!
The bolt of electricity hits you!
You die...

..# #.≈.≈...(.... #.###
#.≈.≈.≈≈≈≈≈≈.≈ #...#
#.≈.≈.≈..!.≈.≈ #.#.#
#.≈.≈.≈.≈≈.≈.≈
..#.#.#..##.≈.≈.≈.∩≈.≈.≈
#
....#.#..##.≈.≈.S≈≈≈.≈.≈
#
.#..#.#..##.≈.≈......≈.≈
##♣
##..#.#.....≈.≈≈†≈≈≈≈≈.≈
#..
##..#.#.###.≈...@......≈
#.<
....#.#.##..≈≈≈≈≈≈≈≈≈≈≈≈
#..
#...#.#.#...............
##♣
........................
#
..)..).......(..[....###
# #.#.............####.#
#.#.#####.....#.# #.#
..#)# ##...##.# #.#
#.#.# ##.## # #.#


You could see an electric eel.

Vanquished Creatures
  A water moccasin (D:5)
  A black bear (D:5)
  2 sky beasts
  4 ogres
  A phantom (D:4)
  A centaur (D:6)
  A kobold brigand (D:6)
  A bullfrog (D:6)
  A gnoll sergeant (D:3)
  2 scorpions
  An electric eel (D:6)
  A centaur zombie (D:4)
  2 bullfrog skeletons
  A hound (D:6)
  A jelly (D:5)
  3 orc priests (D:5)
  4 iguanas
  3 orc wizards
  A killer bee zombie (D:6)
  Robin (D:2)
  3 gnolls (D:4)
  5 adders
  2 river rats (D:4)
  A shadow imp (D:6)
  3 ufetubi
  A worm (D:4)
  5 dart slugs
  14 orcs
  7 endoplasms
  6 giant cockroaches
  17 goblins
  7 hobgoblins
  9 jackals (D:1)
  17 kobolds
  7 quokkas
  8 ball pythons
  2 bats
  3 frilled lizards
  2 goblin zombies (D:6)
  13 rats
165 creatures vanquished.

Vanquished Creatures (others)
  A withered plant (D:4)
1 creature vanquished.

Grand Total: 166 creatures vanquished

Notes
Turn   | Place    | Note
-------+----------+-------------------------------------------
     0 | D:1      | BeingJoeMalik the Merfolk Fighter began the quest for the
                  | Orb.
     0 | D:1      | Reached XP level 1. HP: 18/18 MP: 1/1
   169 | D:1      | Reached XP level 2. HP: 22/24 MP: 2/2
   576 | D:1      | Reached XP level 3. HP: 30/30 MP: 3/3
   979 | D:1      | Reached skill level 4 in Polearms
  1349 | D:3      | Reached XP level 4. HP: 32/37 MP: 4/4
  1388 | D:4      | Reached skill level 5 in Polearms
  1486 | D:3      | Reached XP level 5. HP: 11/42 MP: 5/5
  1941 | D:4      | Reached skill level 6 in Polearms
  1942 | D:4      | Noticed a phantom
  2104 | D:4      | Killed a phantom
  2105 | D:4      | Reached XP level 6. HP: 15/49 MP: 6/6
  2344 | D:4      | Found a basalt altar of Yredelemnul.
  2425 | D:4      | Reached skill level 7 in Polearms
  2880 | D:2      | Found Dovatauw's Weapon Shoppe.
  3118 | D:2      | Noticed Robin
  3123 | D:2      | Killed Robin
  3560 | D:3      | Found a shadowy altar of Dithmenos.
  4080 | D:3      | Reached skill level 8 in Polearms
  4367 | D:4      | Reached skill level 5 in Fighting
  4367 | D:4      | Reached XP level 7. HP: 47/56 MP: 7/7
  4579 | D:4      | Found Netheaff's Antique Weapon Boutique.
  4746 | D:5      | Entered Level 5 of the Dungeon
  4819 | D:5      | Reached skill level 9 in Polearms
  5171 | D:5      | Reached skill level 10 in Polearms
  5472 | D:5      | Found a glowing silver altar of Zin.
  5623 | D:5      | Reached skill level 11 in Polearms
  5739 | D:5      | Reached XP level 8. HP: 55/62 MP: 8/8
  6243 | D:5      | Reached skill level 12 in Polearms
  6246 | D:5      | Found a staircase to the Ecumenical Temple.
  6253 | Temple   | Entered the Ecumenical Temple
  6420 | Temple   | Became a worshipper of Hepliaklqana the Forgotten
  6963 | D:4      | Bought a smoking trident for 221 gold pieces
  6963 | D:4      | Identified the +1 trident "Tiess" {vorpal, Dex+5 Stlth+}
                  | (You bought it in a shop on level 4 of the Dungeon)
  7015 | D:5      | Reached skill level 13 in Polearms
  7305 | D:6      | Reached skill level 14 in Polearms
  7364 | D:6      | Found a burning altar of Makhleb.
  7437 | D:6      | Reached XP level 9. HP: 63/68 MP: 9/9
  7554 | D:6      | Reached skill level 15 in Polearms
  8089 | D:6      | Found Bophosics's Weapon Shoppe.
  8098 | D:6      | Killed from afar by an electric eel

Illustrated notes

Levels and vault maps discovered:
D:1:      dpeg_arrival_castle, layout_basic
D:2:      layout_rooms, serial_shops, shop, minmay_quadrilaterals, uniq_robin
D:3:      layout_rooms, nicolae_dithmenos_through_a_glass_darkly,
          patterned_corridor
D:4:      layout_cave_pools, yredelemnul_altar_generic, portal_sewer_entry_e,
          serial_shops, nicolae_shop_waterfront
D:5:      wander_river, layout_basic, kennysheep_mini,
          minmay_temple_entry_drinking_statues
D:6:      layout_loops_ring, mainiacjoe_overflow_brackets, serial_shops,
          nicolae_inconvenience_store, enter_ossuary_4, grunt_ministairs_7,
          kennysheep_generic_room_3
Temple:   ebering_untended_altars

Skill      XL: |  1  2  3  4  5  6  7  8  9 |
---------------+----------------------------+-----
Polearms       | 4 5 6 8 11 14 15 | 15.1
Fighting       | 4 5 |  5.0
Shields        | 4 |  4.1
Armour         | |  2.1

Action                   |  1- 3 |  4- 6 |  7- 9 || total
-------------------------+-------+-------+-------++-------
Melee: Trident           |   117 |   321 |    86 ||   524
       Spear             |       |    14 |   153 ||   167
       Tailslap          |       |     1 |     6 ||     7
Throw: Dart              |       |     1 |    18 ||    19
Evoke: Wand              |       |       |     3 ||     3
  Use: Potion            |     1 |     6 |     1 ||     8
       Scroll            |       |     3 |     2 ||     5
 Stab: Sleeping          |       |       |     1 ||     1
Armor: Scale mail        |    54 |    94 |    53 ||   201
       Skin              |       |    19 |       ||    19
Dodge: Dodged            |    50 |    96 |    44 ||   190
Block: Buckler           |    26 |    51 |    32 ||   109
